 Dungeon Sprint DCSS version 0.28-a0-1236-gb25a51b929 (webtiles) character file.

Game seed: 2192575223327670873

1726 rocky1 the Blocker (level 9, 0/78 HPs)
             Began as a Gnoll Fighter on Dec 26, 2021.
             Was an Elder of Okawaru.
             Slain by a guardian mummy (17 damage)
             ... in the Dungeon (Sprint VII: "The Pits").
             The game lasted 00:02:34 (727 turns).

rocky1 the Blocker (Gnoll Fighter)                   Turns: 727, Time: 00:02:34

Health: 0/78       AC: 16    Str: 17    XL:     9   Next: 4%
Magic:  18/19      EV: 12    Int:  9    God:    Okawaru [****..]
Gold:   0          SH:  8    Dex: 13    Spells: 22/22 levels left

rFire   . . .      SeeInvis .   n - +1 long sword (flame)
rCold   . . .      Faith    .   c - +0 buckler
rNeg    . . .      Spirit   .   a - +3 chain mail
rPois   .          Reflect  .   (no helmet)
rElec   .          Harm     .   (no cloak)
rCorr   .          Rampage  .   (no gloves)
Will    .....      NoTele   +   (no boots)
Stlth   ++........              (no amulet)
HPRegen 0.23/turn               (no ring)
MPRegen 0.16/turn               (no ring)

@: heroic, on berserk cooldown, slowed, very slow
A: fangs 1, strong nose, distributed training
a: Renounce Religion, Heroism, Finesse


You were in the Dungeon.
You worshipped Okawaru.
Okawaru was greatly pleased with you.
You visited 1 branch

Inventory:

Hand Weapons
 b - a +0 antimagic battleaxe
 n - a +1 long sword of flaming (weapon)
Armour
 a - a +3 chain mail (worn)
 c - a +0 buckler (worn)
Scrolls
 j - a scroll of blinking
 l - 5 scrolls of amnesia
Potions
 d - a potion of might
 e - 5 potions of curing
 f - 6 potions of heal wounds
 g - a potion of haste
 h - 4 potions of magic
 i - 2 potions of berserk rage
 k - 2 potions of invisibility


   Skills:
 + Level 9.8(14.8) Fighting
 + Level 7.1(12.1) Short Blades
 + Level 8.5(13.5) Long Blades
 + Level 7.1(12.1) Axes
 + Level 7.1(12.1) Maces & Flails
 + Level 7.1(12.1) Polearms
 + Level 7.1(12.1) Staves
 + Level 7.1(12.1) Slings
 + Level 7.1(12.1) Bows
 + Level 7.1(12.1) Crossbows
 + Level 7.1(12.1) Throwing
 + Level 9.8(14.8) Armour
 + Level 7.1(12.1) Dodging
 + Level 7.1(12.1) Stealth
 + Level 9.8(14.8) Shields
 + Level 7.1(12.1) Unarmed Combat
 + Level 7.1 Spellcasting
 + Level 5.9 Conjurations
 + Level 5.9 Hexes
 + Level 5.9 Summonings
 + Level 5.9 Necromancy
 + Level 5.9 Translocations
 + Level 5.9 Transmutations
 + Level 5.9 Fire Magic
 + Level 5.9 Ice Magic
 + Level 5.9 Air Magic
 + Level 5.9 Earth Magic
 + Level 5.9 Poison Magic
 + Level 7.8 Invocations
 + Level 7.1 Evocations


You had 22 spell levels left.
You didn't know any spells.
Your spell library was empty.

Dungeon Overview and Level Annotations

Branches:
Dungeon (1/1)

Altars:
Ashenzari
Cheibriados
Dithmenos
Elyvilon
Fedhas
Gozag
Hepliaklqana
Kikubaaqudgha
Makhleb
Nemelex Xobeh
Okawaru
Qazlal
Ru
Sif Muna
Trog
Uskayaw
Vehumet
Wu Jian
Xom
Yredelemnul
Zin
The Shining One
Beogh
Jiyva
Lugonu


Innate Abilities, Weirdness & Mutations

You have very sharp teeth.
Your uncanny sense of smell can sniff out nearby items.
Your experience applies equally to all skills.


Message History

Your Evocations skill increases to level 7!
Unknown command.
You slash Menkaure! You burn Menkaure!
Menkaure is almost destroyed.
Menkaure calls on the powers of darkness!
Your body is wracked with pain!
* * * LOW HITPOINT WARNING * * *
You slash Menkaure! You burn Menkaure.
You destroy Menkaure!
Okawaru accepts your kill.
You are no longer berserk.
You are exhausted.
You feel yourself slow down.
You have reached level 9!
Your experience leads to an increase in your attributes!
Increase (S)trength, (I)ntelligence, or (D)exterity?
You feel stronger. x2
Unknown command.
The guardian mummy hits you but does no damage.
There is an open door, spattered with blood here.
You slash the guardian mummy! You burn the guardian mummy.
The guardian mummy is moderately damaged.
You block the guardian mummy's attack.
You hit the guardian mummy. You burn the guardian mummy.
The guardian mummy is heavily damaged.
The guardian mummy hits you!
* * * LOW HITPOINT WARNING * * *
You completely miss the guardian mummy.
The guardian mummy is heavily damaged.
The guardian mummy hits you but does no damage.
You hit the guardian mummy. You burn the guardian mummy.
The guardian mummy is heavily damaged.
The guardian mummy hits you but does no damage.
You feel better.
The guardian mummy hits you but does no damage.
You hit the guardian mummy. You burn the guardian mummy.
You bite the guardian mummy, but do no damage.
The guardian mummy is heavily damaged.
The guardian mummy hits you!
You die...

#.####†##'###...<...#
#.#........##.......#
#†#........##.......#
#'###########.......#
#.......#..##########
#.......#)######
#...#...#)#....#∆∆∆∆
#..###..#'#....#∆∆
#...#...#.@M...+∆∆
#.......#)#....#∆∆
#.......[.#....#∆∆
################


You could see a guardian mummy.

Vanquished Creatures
  A death yak (D)
  A kobold demonologist (D)
  Menkaure (D)
  2 floating eyes (D)
  An orc warrior (D)
  A sky beast (D)
  An ogre (D)
  A phantom (D)
  A bullfrog (D)
  A crimson imp (D)
  A hound (D)
  2 orc priests (D)
  A gnoll (D)
  2 river rats (D)
  A ball python (D)
  A giant cockroach (D)
  6 jackals (D)
  A frilled lizard (D)
26 creatures vanquished.

Vanquished Creatures (others)
  An orc wizard (D)
1 creature vanquished.

Grand Total: 27 creatures vanquished

Notes
Turn   | Place    | Note
-------+----------+-------------------------------------------
     0 | D        | rocky1 the Gnoll Fighter began the quest for the Orb.
     0 | D        | Reached XP level 1. HP: 23/23 MP: 1/1
    15 | D        | Reached skill level 1 in Short Blades
    15 | D        | Reached skill level 1 in Axes
    15 | D        | Reached skill level 1 in Maces & Flails
    15 | D        | Reached skill level 1 in Polearms
    15 | D        | Reached skill level 1 in Staves
    15 | D        | Reached skill level 1 in Slings
    15 | D        | Reached skill level 1 in Bows
    15 | D        | Reached skill level 1 in Crossbows
    15 | D        | Reached skill level 1 in Throwing
    15 | D        | Reached skill level 1 in Dodging
    15 | D        | Reached skill level 1 in Stealth
    15 | D        | Reached skill level 1 in Unarmed Combat
    15 | D        | Reached skill level 1 in Spellcasting
    15 | D        | Reached skill level 1 in Conjurations
    15 | D        | Reached skill level 1 in Hexes
    15 | D        | Reached skill level 1 in Summonings
    15 | D        | Reached skill level 1 in Necromancy
    15 | D        | Reached skill level 1 in Translocations
    15 | D        | Reached skill level 1 in Transmutations
    15 | D        | Reached skill level 1 in Fire Magic
    15 | D        | Reached skill level 1 in Ice Magic
    15 | D        | Reached skill level 1 in Air Magic
    15 | D        | Reached skill level 1 in Earth Magic
    15 | D        | Reached skill level 1 in Poison Magic
    15 | D        | Reached skill level 1 in Invocations
    15 | D        | Reached skill level 1 in Evocations
    15 | D        | Reached XP level 2. HP: 24/29 MP: 1/3
    94 | D        | Found a bloodstained altar of Trog.
    94 | D        | Found a shimmering blue altar of Sif Muna.
    94 | D        | Found a viscous altar of Jiyva.
    94 | D        | Found a hazy altar of Hepliaklqana.
    94 | D        | Found an opulent altar of Gozag.
    95 | D        | Found a glowing golden altar of the Shining One.
    95 | D        | Found a glowing silver altar of Zin.
    95 | D        | Found a basalt altar of Yredelemnul.
    95 | D        | Found a shimmering altar of Xom.
    95 | D        | Found an ornate altar of the Wu Jian Council.
    95 | D        | Found a sacrificial altar of Ru.
    95 | D        | Found a stormy altar of Qazlal.
    95 | D        | Found an iron altar of Okawaru.
    95 | D        | Found a sparkling altar of Nemelex Xobeh.
    95 | D        | Found a burning altar of Makhleb.
    95 | D        | Found a blossoming altar of Fedhas.
    95 | D        | Found a white marble altar of Elyvilon.
    95 | D        | Found a shadowy altar of Dithmenos.
    95 | D        | Found a snail-covered altar of Cheibriados.
    98 | D        | Found a corrupted altar of Lugonu.
    98 | D        | Found a radiant altar of Vehumet.
    99 | D        | Found an ancient bone altar of Kikubaaqudgha.
    99 | D        | Found a hide-covered altar of Uskayaw.
    99 | D        | Found a broken altar of Ashenzari.
   103 | D        | Became a worshipper of Warmaster Okawaru
   117 | D        | Noticed a floating eye
   126 | D        | Killed a floating eye
   126 | D        | Reached * piety under Okawaru
   127 | D        | Reached skill level 5 in Long Blades
   127 | D        | Reached XP level 3. HP: 36/36 MP: 3/7
   127 | D        | Reached XP level 4. HP: 43/43 MP: 3/8
   277 | D        | Reached XP level 5. HP: 48/48 MP: 9/9
   293 | D        | Noticed a floating eye
   296 | D        | Paralysed by a floating eye for 4 turns
   305 | D        | Paralysed by a floating eye for 4 turns
   312 | D        | Paralysed by a floating eye for 4 turns
   316 | D        | Killed a floating eye
   317 | D        | Reached XP level 6. HP: 54/56 MP: 10/12
   406 | D        | Noticed a sky beast
   419 | D        | Reached skill level 5 in Invocations
   425 | D        | Reached skill level 5 in Short Blades
   425 | D        | Reached skill level 5 in Axes
   425 | D        | Reached skill level 5 in Maces & Flails
   425 | D        | Reached skill level 5 in Polearms
   425 | D        | Reached skill level 5 in Staves
   425 | D        | Reached skill level 5 in Slings
   425 | D        | Reached skill level 5 in Bows
   425 | D        | Reached skill level 5 in Crossbows
   425 | D        | Reached skill level 5 in Throwing
   425 | D        | Reached skill level 5 in Dodging
   425 | D        | Reached skill level 5 in Stealth
   425 | D        | Reached skill level 5 in Unarmed Combat
   425 | D        | Reached skill level 5 in Spellcasting
   425 | D        | Reached skill level 5 in Evocations
   430 | D        | Killed a sky beast
   430 | D        | Reached ** piety under Okawaru
   431 | D        | Reached XP level 7. HP: 61/63 MP: 12/14
   456 | D        | Noticed a kobold demonologist
   462 | D        | Killed a kobold demonologist
   463 | D        | Reached skill level 5 in Conjurations
   463 | D        | Reached skill level 5 in Hexes
   463 | D        | Reached skill level 5 in Summonings
   463 | D        | Reached skill level 5 in Necromancy
   463 | D        | Reached skill level 5 in Translocations
   463 | D        | Reached skill level 5 in Transmutations
   463 | D        | Reached skill level 5 in Fire Magic
   463 | D        | Reached skill level 5 in Ice Magic
   463 | D        | Reached skill level 5 in Air Magic
   463 | D        | Reached skill level 5 in Earth Magic
   463 | D        | Reached skill level 5 in Poison Magic
   463 | D        | Reached XP level 8. HP: 57/71 MP: 13/17
   483 | D        | Reached *** piety under Okawaru
   699 | D        | Noticed Menkaure
   699 | D        | Noticed a guardian mummy
   699 | D        | Noticed a death yak
   718 | D        | Killed a death yak
   718 | D        | Reached **** piety under Okawaru
   720 | D        | Killed Menkaure
   721 | D        | Reached XP level 9. HP: 21/78 MP: 17/19
   727 | D        | Slain by a guardian mummy

Illustrated notes

Levels and vault maps discovered:
D:        pitsprint [storerooms_1, entrance_room_1, metal_vault_5, armoury_2,
          mini_pit_1, grid_room_1, main_hall_1, silver_pit, the_coven_3,
          the_vestibule_1, steel_vault_3, golden_pit, hallway_of_sentries,
          crystal_vault_1, iron_vault_1, final_vault]

Skill      XL: |  1  2  3  4  5  6  7  8 |
---------------+-------------------------+-----
Short Blades   | 1 3 4 5 6 7 |  7.1
Axes           | 1 3 4 5 6 7 |  7.1
Maces & Flails | 1 3 4 5 6 7 |  7.1
Polearms       | 1 3 4 5 6 7 |  7.1
Staves         | 1 3 4 5 6 7 |  7.1
Slings         | 1 3 4 5 6 7 |  7.1
Bows           | 1 3 4 5 6 7 |  7.1
Crossbows      | 1 3 4 5 6 7 |  7.1
Throwing       | 1 3 4 5 6 7 |  7.1
Dodging        | 1 3 4 5 6 7 |  7.1
Stealth        | 1 3 4 5 6 7 |  7.1
Unarmed Combat | 1 3 4 5 6 7 |  7.1
Spellcasting   | 1 3 4 5 6 7 |  7.1
Conjurations   | 1 2 3 4 5 |  5.9
Hexes          | 1 2 3 4 5 |  5.9
Summonings     | 1 2 3 4 5 |  5.9
Necromancy     | 1 2 3 4 5 |  5.9
Translocations | 1 2 3 4 5 |  5.9
Transmutations | 1 2 3 4 5 |  5.9
Fire Magic     | 1 2 3 4 5 |  5.9
Ice Magic      | 1 2 3 4 5 |  5.9
Air Magic      | 1 2 3 4 5 |  5.9
Earth Magic    | 1 2 3 4 5 |  5.9
Poison Magic   | 1 2 3 4 5 |  5.9
Invocations    | 1 3 4 5 6 7 |  7.8
Evocations     | 1 3 4 5 6 7 |  7.1
Fighting       | 7 8 9 |  9.8
Long Blades    | 5 6 7 8 |  8.5
Armour         | 7 8 9 |  9.8
Shields        | 7 8 9 |  9.8

Action                   |  1- 3 |  4- 6 |  7- 9 || total
-------------------------+-------+-------+-------++-------
Melee: Long sword        |     9 |    54 |    43 ||   106
       Bite              |     3 |     5 |     7 ||    15
Invok: Heroism           |       |     1 |     2 ||     3
  Use: Potion            |       |       |     2 ||     2
Armor: Scale mail        |     3 |    18 |       ||    21
       Chain mail        |       |     6 |     9 ||    15
Dodge: Dodged            |     2 |    32 |     3 ||    37
Block: Buckler           |     1 |     7 |     7 ||    15

Table legend: (Time is in decaauts)
 A = Elapsed time spent in this place.
 B = Non-inter-level travel time spent in this place.
 C = Inter-level travel time spent in this place.
 D = Time resting spent in this place.
 E = Time spent auto-exploring this place.
 F = Levels seen in this place.
 G = Mean time per level.
                   A        B        C        D        E       F      G
               +--------+--------+--------+--------+--------+-----+--------+
         Total |    716 |    699 |     17 |    411 |      0 |   1 |  716.0 |
       Dungeon |    716 |    699 |     17 |    411 |      0 |   1 |  716.0 |
               +--------+--------+--------+--------+--------+-----+--------+

Top non-repeatable levels by time:
       D: 716 daAuts
